 Dungeon Crawl Stone Soup version 0.19-a0-1907-gcff654f (webtiles) character file.

22 Disciple the Magician (level 2, 0/23 HPs)
             Began as a Demonspawn Wizard on Oct 21, 2016.
             Slain by a jackal (1 damage)
             ... on level 1 of the Dungeon.
             The game lasted 00:02:16 (988 turns).

Disciple the Magician (Demonspawn Wizard)            Turns: 988, Time: 00:02:16

Health: 0/23       AC:  6    Str:  7    XL:     2   Next: 68%
Magic:  6/6        EV:  2    Int: 19    God:
Gold:   39         SH:  0    Dex: 11    Spells: 1 memorised, 6 levels left

rFire  . . .     SeeInvis .     p - +2 dagger (drain)
rCold  . . .     Gourm    .     o - +0 chain mail (curse)
rNeg   . . .     Faith    .     (no shield)
rPois  .         Spirit   .     b - +0 hat
rElec  .         Reflect  .     (no cloak)
rCorr  .         Harm     .     (no gloves)
MR     .....                    (no boots)
Stlth  ..........               n - amulet of inaccuracy (curse)
                                (no ring)
                                j - -2 ring of protection (curse)

@: no status effects
A: rot immunity
a: no special abilities


You were on level 1 of the Dungeon.
You were not hungry.

You visited 1 branch of the dungeon, and saw 1 of its levels.

You collected 39 gold pieces.

Inventory:

Hand Weapons
 e - a +0 club
 f - a +0 dagger
 p - a +2 dagger of draining (weapon)
Missiles
 q - 51 stones (quivered)
Armour
 a - a +0 robe
 b - a +0 hat (worn)
 o - a cursed +0 chain mail (worn)
Jewellery
 j - a cursed -2 ring of protection (left hand)
 n - a cursed amulet of inaccuracy (around neck)
Scrolls
 h - a scroll of immolation {unknown}
 i - a scroll of amnesia {unknown}
 k - a scroll of identify {unknown}
Potions
 l - a potion of heal wounds {unknown}
Books
 c - a book of Minor Magic

   Spells                             Type                      Level
   a - Magic Dart                     Conjuration                  1
   b - Blink                          Translocation                2
   c - Call Imp                       Summoning                    2
   d - Repel Missiles                 Charms/Air                   2
   e - Slow                           Hexes                        2
   f - Conjure Flame                  Conjuration/Fire             3
   g - Mephitic Cloud                 Conjuration/Poison/Air       3
Comestibles
 d - a bread ration
 g - a meat ration
 m - 2 chunks of flesh


   Skills:
 + Level 2.4 Fighting
 - Level 1.7 Dodging
 - Level 1.7 Stealth
 - Level 3.0 Spellcasting
 - Level 1.0 Conjurations
   Level 1.0 Summonings
   Level 0.8 Translocations


You had 6 spell levels left.
You knew the following spells:

 Your Spells              Type           Power        Failure   Level  Hunger
a - Magic Dart            Conj           #...         100%        1    None


Dungeon Overview and Level Annotations

Branches:
Dungeon (1/15)

Altars:


Innate Abilities, Weirdness & Mutations

You are immune to rotting.


Message History

The jackal bites you but does no damage.
The jackal completely misses you.
The jackal bites you but does no damage.
The jackal bites you but does no damage.
Your chain mail prevents you from hitting the jackal.
The jackal bites you but does no damage.
The jackal bites you.
* * * LOW HITPOINT WARNING * * *
You hit the jackal but do no damage. You drain the jackal!
The jackal is heavily wounded.
The jackal bites you but does no damage.
The jackal bites you.
* * * LOW HITPOINT WARNING * * *
You hit the jackal.
You kill the jackal!
The jackal bites you but does no damage. x2
You miss the jackal.
The jackal bites you but does no damage. x2
You closely miss the jackal. The jackal bites you.
You die...

#..........# #.......####
#.......######.#
######.........# ##.########
#K.......# #..#####.#
###..#####.#####
###########@hK...........#
###..........h#..#####.###.#
#.......######...#####.# #.#
#.#.###.# #..........# #.#
#.#.# #.# ##...#########.##
#.#.###.# ##.## ##.#.##
#....##.# #.# #.###.#
#.#.###.# #.# ##.#.## #.#.#
#.# ##'## #..##


You could see 2 jackals and a kobold.

Vanquished Creatures
  A dart slug (D:1)
  2 leopard geckos (D:1)
  2 bats (D:1)
  5 goblins (D:1)
  A hobgoblin (D:1)
  2 jackals (D:1)
  A kobold (D:1)
  A frilled lizard (D:1)
  A rat (D:1)
16 creatures vanquished.

Notes
Turn   | Place    | Note
-------+----------+-------------------------------------------
     0 | D:1      | Disciple the Demonspawn Wizard began the quest for the Orb.
     0 | D:1      | Reached XP level 1. HP: 13/13 MP: 4/4
    44 | D:1      | Reached skill level 1 in Fighting
   293 | D:1      | Gained mutation: You are immune to rotting. [demonic ancestry]
   293 | D:1      | Reached XP level 2. HP: 21/21 MP: 1/6
   985 | D:1      | HP: 1/23 [jackal (2)]
   988 | D:1      | Slain by a jackal

Vault maps used:
D:1:      lightli_arrival_quake, roderic_chinese_pattern_swastika

Skill      XL: |  1  2 |
---------------+-------+-----
Fighting       | 1 2 |  2.4
Dodging        | |  1.7
Stealth        | |  1.7
Spellcasting   | |  3.0
Conjurations   | |  1.0
Summonings     | |  1.0
Translocations | |  0.8

Action                   || total
-------------------------++-------
Melee: Unarmed           ||     9
       Dagger            ||    14
 Cast: Magic Dart        ||    24
Armor: Robe              ||     1
       Chain mail        ||    34
Dodge: Dodged            ||    16
